AoeStats
← NDF

Arabia

508110988Analyzed
2v2 RM · 10d ago on Sep 20, 2026· 58m 37s· 4 players
Game mode
Random Map
Map size
Medium (4 player)
Population
200
Speed
Normal
Resources
Standard
Victory
Conquest
Starting age
Dark Age
Ending age
Imperial Age
RankedLock teamsTeams togetherTeam positionsShared explorationLock speedFull tech treeHidden civsTurbo modeCheats
Victory
Defeat
🇹🇷 Mongols · Türkiye
743
+14
🇲🇽 Malay · Mexico
723
+15
🇦🇷 Teutons · Argentina
701
-14
🇦🇷 Spanish · Argentina
701
-15
NDF
2:47 Loom
14:09 Feudal Age
15:12 Horse Collar
14:58 Man-at-Arms
17:35 Wheelbarrow
22:46 Castle Age
20:48 Double-Bit Axe
20:58 Stone Mining
21:29 Gold Mining
23:25 Bloodlines
23:51 Elite Skirmisher
27:00 Stone Shaft Mining
33:14 Masonry
34:10 Scale Barding Armor
34:19 Forging
33:59 Fletching
34:10 Padded Archer Armor
42:51 Imperial Age
43:11 Bow Saw
43:06 Heavy Plow
45:37 Leather Archer Armor
45:26 Elite Teutonic Knight
47:52 Ironclad
48:58 Crop Rotation
52:19 Cavalier
58:19 Hand Cart
57:50 Town Watch
58:47 Hoardings
estebanpa
4:50 Loom
12:00 Feudal Age
12:46 Double-Bit Axe
15:58 Stone Mining
16:00 Gold Mining
23:01 Castle Age
20:54 Man-at-Arms
23:12 Forging
23:03 Scale Mail Armor
23:36 Horse Collar
24:09 Bow Saw
24:42 Scale Barding Armor
27:32 Squires
26:52 Pikeman
29:14 Stone Shaft Mining
32:00 Imperial Age
30:31 Redemption
30:33 Fervor
31:04 Guard Tower
31:47 Chain Barding Armor
32:57 Murder Holes
37:59 Plate Barding Armor
37:24 Cavalier
38:17 Bloodlines
38:10 Husbandry
42:30 Two-Man Saw
45:59 Paladin
49:42 Illumination
49:33 Block Printing
50:22 Chemistry
49:44 Ballistics
57:18 Chain Mail Armor
57:39 Iron Casting
57:08 Halberdier
Terromato
13:02 Feudal Age
19:23 Castle Age
18:25 Double-Bit Axe
18:30 Horse Collar
24:11 Heavy Plow
26:16 Fletching
27:15 Man-at-Arms
30:59 Gold Mining
31:03 Stone Mining
30:36 Long Swordsman
30:38 Pikeman
34:10 Imperial Age
32:48 Herbal Medicine
34:15 Wheelbarrow
33:27 Town Watch
33:29 Loom
35:03 Elite Karambit Warrior
37:11 Halberdier
40:32 Conscription
41:18 Elite Battle Elephant
42:56 Hand Cart
42:43 Town Patrol
43:36 Thalassocracy
43:38 Forced Levy
43:58 Caravan
44:29 Coinage
45:04 Bow Saw
45:29 Crop Rotation
46:53 Two-Handed Swordsman
47:40 Bodkin Arrow
47:51 Scale Barding Armor
47:57 Forging
47:48 Padded Archer Armor
47:12 Capped Ram
50:10 Chemistry
49:06 Murder Holes
49:31 Ballistics
49:02 Guard Tower
xkrmx
9:49 Loom
11:51 Feudal Age
14:30 Forging
15:19 Bloodlines
17:19 Wheelbarrow
20:54 Castle Age
20:06 Fletching
21:19 Double-Bit Axe
21:31 Light Cavalry
22:30 Horse Collar
27:01 Iron Casting
26:24 Bodkin Arrow
27:28 Thumb Ring
29:14 Scale Barding Armor
30:57 Husbandry
31:16 Town Watch
31:51 Caravan
32:29 Bow Saw
32:22 Heavy Plow
32:34 Padded Archer Armor
38:01 Imperial Age
39:20 Parthian Tactics
40:58 Hussar
43:15 Blast Furnace
42:36 Chain Barding Armor
42:32 Leather Archer Armor
42:21 Bracer
43:09 Hoardings
44:13 Conscription
45:05 Chain Barding Armor
47:08 Hand Cart
46:55 Town Patrol
47:13 Elite Mangudai
48:31 Drill
49:12 Capped Ram
51:29 Chemistry
50:49 Ballistics
51:24 Siege Ram
53:19 Heavy Cavalry Archer
55:23 Fortified Wall
55:09 Murder Holes
Connection lost

Rejoining the realm…

Still unreachable

The connection could not be restored.

Session expired

The server has moved on; the page needs a fresh start.